 Dungeon Crawl Stone Soup version 0.27.0-1-g7a089689b8 (webtiles) character file.

Game seed: 2733010894432112397

11911 sanka the Nimble (level 12, -1/91 HPs)
             Began as a Djinni Air Elementalist on July 31, 2021.
             Was an Elder of Makhleb.
             Slain by a spectral eleionoma (16 damage)
             ... called from beyond by a ghost crab
             ... in a Gauntlet.
             The game lasted 00:25:08 (14740 turns).

sanka the Nimble (Djinni Air Elementalist)         Turns: 14740, Time: 00:25:08

Health: -1/91      AC:  6    Str:  7    XL:     12   Next: 13%
Gold:   601        EV: 18    Int: 21    God:    Makhleb [****..] SH:  0 Dex: 21

rFire    + + +     SeeInvis .   E - +1 dagger (venom)
rCold    x x .     Faith    .   (no shield)
rNeg     . . .     Spirit   .   D - +0 troll leather armour
rPois    ∞         Reflect  .   (no helmet)
rElec    .         Harm     .   F - +0 cloak {rPois}
rCorr    .         Rampage  .   n - +0 pair of gloves
Will     +....     NoTele   +   (boots unavailable)
Stlth    ++........             a - amulet of the acrobat
HPRegen  1.25/turn              u - +6 ring of dexterity
MPRegen  0.00/turn              p - ring of fire

@: flying, very slightly contaminated
A: sickness immunity, fire resistance 2, cold vulnerability 1, float, innate
caster, hp casting, extra vitality 1
a: Renounce Religion, Minor Destruction, Lesser Servant of Makhleb, Major
Destruction


You were in a Gauntlet.
You worshipped Makhleb.
Makhleb was greatly pleased with you.
You visited 2 branches of the dungeon, and saw 12 of its levels.
You also visited: Gauntlet.

You collected 601 gold pieces.


Innate Abilities, Weirdness & Mutations

You are immune to sickness and miasma.
You are immune to poison.
Your flesh is very heat resistant. (rF++)
You are vulnerable to cold. (rC-)
You float through the air rather than walking.
You learn spells naturally, not from books.
Your magical power is your life essence.
You have superior vitality. (+4 HP)


   Skills:
 + Level 10.2 Fighting
 + Level 10.3 Dodging
 - Level 1.5 Stealth
 - Level 10.0 Spellcasting


You had 7 spell levels left.
You knew the following spells:

 Your Spells              Type           Power      Damage    Failure   Level
e - Apportation           Tloc           100%       N/A       1%          1
i - Hailstorm             Conj/Ice       51%        3d11      1%          4
s - Swiftness             Air            51%        N/A       1%          3
u - Airstrike             Air            25%        N/A       1%          4
x - Shock                 Conj/Air       100%       1d9       1%          1
y - Corpse Rot            Necr/Air       N/A        N/A       1%          2
z - Iskenderun's Battles  Conj           51%        2d10      4%          5
X - Wereblood             Tmut           51%        N/A       1%          2
Z - Static Discharge      Conj/Air       51%        N/A       1%          2
Your spell library was empty.

Inventory:

Hand Weapons
 q - a +0 trident
 E - a +1 dagger of venom (weapon)
Missiles
 o - a throwing net {=f}
 w - 5 curare-tipped darts {=f}
Armour
 n - a +0 pair of gloves (worn)
 D - a +0 troll leather armour (worn)
 F - a +0 cloak of poison resistance (worn)
Jewellery
 a - an amulet of the acrobat (around neck)
 p - a ring of fire (right hand)
 u - a +6 ring of dexterity (left hand)
 v - the ring "Sufi" {rPois rF- rCorr MP+9 Stlth+}

   [ring of resist corrosion]

   rF:        It makes you vulnerable to fire.
   rPois:     It protects you from poison.
   MP:        It affects your magic capacity (+9).
   rCorr:     It protects you from acid and corrosion.
   Stlth:     It makes you more stealthy.
 A - a +6 ring of strength
Wands
 b - a wand of acid (18)
 h - a wand of iceblast (12)
 s - a wand of paralysis (4)
Scrolls
 e - 2 scrolls of torment {!r}
 f - 2 scrolls of fog
 i - 2 scrolls of fear
 m - 2 scrolls of teleportation {@r4}
 y - a scroll of brand weapon
 z - a scroll of immolation {!r}
Potions
 c - a potion of might
 d - a potion of cancellation
 g - 2 potions of curing {@q1}
 j - 2 potions of brilliance
 k - 3 potions of resistance
 l - a potion of mutation {!q}
 r - a potion of haste {unknown}
 t - 4 potions of heal wounds {@q2}
 x - a potion of lignification {!q}
 C - a potion of attraction {unknown}
Miscellaneous
 B - a phial of floods

Dungeon Overview and Level Annotations

Branches:
Dungeon (11/15)            Temple (1/1) D:4            Lair (0/6) D:8
    Orc (0/2) D:9         Gauntlet (1/1)

Altars:
Ashenzari
Cheibriados
Dithmenos
Elyvilon
Fedhas
Gozag
Hepliaklqana
Kikubaaqudgha
Makhleb
Nemelex Xobeh
Qazlal
Ru
Sif Muna
Trog
Uskayaw
Vehumet
Wu Jian
Xom
Yredelemnul
Zin
The Shining One

Shops:
D:7 ?   D:8 (

Annotations:
Gauntlet 13 transporters, 21 runed translucent doors, exclusion: 2 orange crystal statues

.................................
▒▒▒▒▒▒▒▒▒▒.▒▒▒▒▒▒▒▒▒▒▒.▒▒▒▒▒▒▒▒▒▒
G.[.©(!..▒.▒t.▒.©.▒![▒.▒.."?©.)..
.▒.▒.▒.▒.▒.▒▒..▒.▒..▒▒.▒....8.P..
..▒.▒.▒..▒.▒^▒..▒.P▒^▒.▒..▒PPP▒..
.▒.▒.▒.▒.▒.▒..▒P^.▒##▒.▒.P.P.PP..
..▒.©.▒..▒.▒▒..▒#▒☼§▒▒.▒....©....
.▒.▒.▒.▒.▒.▒.▒PZ▒☼P▒#▒.▒.PP..PPP.
..▒.▒.▒..▒.▒.^▒§RZ▒^.▒.▒..▒PPP▒f.
.▒.▒.▒.▒.▒.▒..☼▒t▒°##▒.▒.Pf..PP..
........G▒.▒....▒....▒.▒.........
▒▒▒▒▒▒▒▒▒▒▒▒▒▒▒▒▒▒▒▒▒▒▒▒▒▒▒▒▒▒▒▒▒
....©▒≈≈≈≈8##≈≈▒©...........©....
▒▒▒▒▒▒▒▒▒▒▒▒▒▒▒▒▒▒▒▒▒▒▒▒▒▒▒▒.▒▒▒▒
©.........©.........©▒≈≈8#≈▒.▒...
▒▒▒▒▒▒▒▒▒▒▒▒▒▒▒▒▒▒▒▒▒▒▒▒▒▒▒▒.▒...
...▒.▒....©....▒.▒.........▒.▒..▒


You could see a ghost crab, a spectral goliath frog (summoned) and a spectral
eleionoma (summoned).


Message History

The ghost crab is severely damaged.
You are engulfed in spectral mist.
The ghost crab breathes spectral mist at you.
The spectral mist engulfs you but does no damage.
Unknown command.
The air twists around and strikes the ghost crab!
The ghost crab is almost destroyed.
You are engulfed in spectral mist.
The ghost crab bites you. The ghost crab completely misses you.
Unknown command.
You miscast Airstrike.
You are very lightly contaminated with residual magic.
Nothing appears to happen.
You are engulfed in spectral mist.
* * * LOW HITPOINT WARNING * * *
The ghost crab breathes spectral mist at you.
The spectral mist engulfs you but does no damage.
Unknown command.
The air twists around and strikes the ghost crab!
The ghost crab is almost destroyed.
* * * LOW HITPOINT WARNING * * *
You are engulfed in spectral mist.
* * * LOW HITPOINT WARNING * * *
The ghost crab breathes spectral mist at you.
The spectral mist engulfs you but does no damage.
The spectral goliath frog hits you!
* * * LOW HITPOINT WARNING * * *
The spectral eleionoma hits you!
You die...

Action                   |  1- 3 |  4- 6 |  7- 9 | 10-12 || total
-------------------------+-------+-------+-------+-------++-------
Melee: Dagger            |       |       |       |    15 ||    15
Throw: Dart              |       |       |     4 |     9 ||    13
       Throwing net      |       |       |       |     1 ||     1
 Cast: Shock             |    78 |   101 |    47 |    48 ||   274
       Airstrike         |       |       |   104 |   191 ||   295
       Iskenderun's Batt |       |       |       |    10 ||    10
  Use: Scroll            |       |       |     7 |     8 ||    15
Armor: Robe              |     3 |     1 |     2 |     2 ||     8
       Troll leather arm |       |       |       |     3 ||     3
Dodge: Dodged            |     4 |     8 |    13 |    40 ||    65

Levels and vault maps discovered:
D:1:      giann_bridges, layout_rooms, shapermc_ecumenical_altar_venn
D:2:      layout_basic, basic_altar, kennysheep_generic_room_13, uniq_jessica
D:3:      layout_loops_ring, hex_large
D:4:      minmay_diamond_boxcup, layout_loops_corners,
          mainiacjoe_overflow_tiny_flanked, minmay_temple_entry_poolview,
          chequers_serial_rivers_micro_c, uniq_natasha
D:5:      layout_loops_ring, kennysheep_ying_yang,
          nicolae_overflow_hidden_temple
D:6:      layout_basic
D:7:      layout_loops_corners, serial_shops, nicolae_stop_n_shop_1,
          uniq_menkaure
D:8:      layout_rooms, mainiacjoe_overflow_concentric_impassable,
          kennysheep_mini, grunt_lair_entry_orc_guard_hut, serial_shops,
          shop_statue
D:9:      layout_basic, erik_orc_2
D:10:     layout_basic, mainiacjoe_overflow_paths, grunt_ministairs_14
D:11:     layout_loops_cross, gauntlet_entry_generic
Temple:   dshaligram_water_room_temple
Gauntlet: gammafunk_gauntlet_one_two_three [nicolae_gauntlet_arena_quarters,
          gammafunk_gauntlet_arena_chambers, nicolae_gauntlet_arena_grate_2,
          gammafunk_gauntlet_arena_split_x, gammafunk_gauntlet_arena_spirals,
          gammafunk_gauntlet_arena_grid, gammafunk_gauntlet_arena_arrow_garden,
          gammafunk_gauntlet_arena_hedges,
          minmay_gauntlet_arena_make_your_own_arena, gauntlet_exit_green]

Notes
Turn   | Place    | Note
-------+----------+-------------------------------------------
     0 | D:1      | sanka the Djinni Air Elementalist began the quest for the
                  | Orb.
     0 | D:1      | Reached XP level 1. HP: 15/15 MP: 0/0
   250 | D:1      | Reached XP level 2. HP: 18/21 MP: 0/0
   306 | D:1      | Found a faded altar of an unknown god.
   523 | D:1      | Reached skill level 3 in Spellcasting
   934 | D:1      | Reached XP level 3. HP: 21/25 MP: 0/0
   934 | D:1      | Learned a level 1 spell: Apportation
  1806 | D:2      | Noticed Jessica
  1809 | D:2      | Killed Jessica
  1810 | D:2      | Reached XP level 4. HP: 28/31 MP: 0/0
  1923 | D:2      | Found an opulent altar of Gozag.
  2213 | D:3      | Noticed a phantom
  2468 | D:3      | Reached skill level 4 in Spellcasting
  2471 | D:3      | Reached XP level 5. HP: 29/35 MP: 0/0
  2471 | D:3      | Learned a level 2 spell: Corpse Rot
  2949 | D:3      | Killed a phantom
  2950 | D:3      | Reached XP level 6. HP: 26/40 MP: 0/0
  3352 | D:4      | Reached skill level 5 in Spellcasting
  3394 | D:4      | Noticed Natasha
  3407 | D:4      | Killed Natasha
  4021 | D:4      | Reached XP level 7. HP: 38/45 MP: 0/0
  4021 | D:4      | Learned a level 2 spell: Wereblood
  4267 | D:4      | Found a staircase to the Ecumenical Temple.
  4372 | Temple   | Entered the Ecumenical Temple
  4429 | Temple   | Became a worshipper of Makhleb the Destroyer
  4589 | D:4      | Reached skill level 6 in Spellcasting
  4855 | D:5      | Entered Level 5 of the Dungeon
  5181 | D:5      | Reached XP level 8. HP: 40/50 MP: 0/0
  5284 | D:5      | Reached skill level 7 in Spellcasting
  5409 | D:5      | Found a glowing silver altar of Zin.
  5409 | D:5      | Found a shadowy altar of Dithmenos.
  5711 | D:5      | Found a basalt altar of Yredelemnul.
  5764 | D:5      | Found a white marble altar of Elyvilon.
  5971 | D:5      | Identified the ring "Sufi" {rPois rF- rCorr MP+9 Stlth+}
  6112 | D:6      | Reached skill level 8 in Spellcasting
  6418 | D:6      | Reached skill level 1 in Fighting
  6456 | D:6      | Reached skill level 3 in Dodging
  6534 | D:6      | Reached skill level 2 in Fighting
  6534 | D:6      | Reached XP level 9. HP: 49/58 MP: 0/0
  6534 | D:6      | Learned a level 4 spell: Hailstorm
  6676 | D:6      | Reached * piety under Makhleb
  6918 | D:6      | Reached skill level 4 in Dodging
  7102 | D:7      | Reached skill level 3 in Fighting
  7421 | D:7      | Found Mereulat's Magic Scroll Emporium.
  7433 | D:7      | Identified 2 potions of resistance
  7465 | D:7      | Noticed Menkaure
  7467 | D:7      | Killed Menkaure
  7468 | D:7      | Reached skill level 4 in Fighting
  7468 | D:7      | Reached skill level 5 in Dodging
  8284 | D:7      | Noticed a two-headed ogre
  8470 | D:7      | Reached skill level 5 in Fighting
  8470 | D:7      | Reached skill level 6 in Dodging
  9189 | D:7      | Killed a two-headed ogre
  9190 | D:7      | Reached skill level 6 in Fighting
  9190 | D:7      | Reached skill level 7 in Dodging
  9190 | D:7      | Reached XP level 10. HP: 73/73 MP: 0/0
  9228 | D:8      | Noticed a gargoyle
  9233 | D:8      | Killed a gargoyle
  9234 | D:8      | Reached skill level 7 in Fighting
  9234 | D:8      | Reached skill level 8 in Dodging
  9328 | D:8      | Found a bloodstained altar of Trog.
  9551 | D:8      | Reached skill level 8 in Fighting
  9757 | D:8      | Reached ** piety under Makhleb
 10294 | D:8      | Found a staircase to the Lair.
 10365 | D:8      | Found an opulent altar of Gozag.
 10421 | D:8      | Found Jaxkavemn's Antique Weapon Shop.
 11019 | D:9      | Reached skill level 9 in Spellcasting
 11454 | D:9      | Reached XP level 11. HP: 65/81 MP: 0/0
 11454 | D:9      | Learned a level 5 spell: Iskenderun's Battlesphere
 11771 | D:9      | Reached *** piety under Makhleb
 12042 | D:9      | Found a staircase to the Orcish Mines.
 12700 | D:10     | Entered Level 10 of the Dungeon
 12762 | D:10     | Found a hide-covered altar of Uskayaw.
 12774 | D:10     | Reached skill level 10 in Spellcasting
 13156 | D:10     | Noticed a brown ugly thing
 13190 | D:10     | Killed a brown ugly thing
 13307 | D:10     | Reached skill level 9 in Dodging
 13645 | D:10     | Noticed a two-headed ogre
 13671 | D:10     | Killed a two-headed ogre
 13672 | D:10     | Reached skill level 9 in Fighting
 14117 | D:11     | Identified +0 acid dragon scales
 14120 | D:11     | Found a gate leading to a gauntlet.
 14121 | D:11     | Noticed a white ugly thing
 14129 | Gauntlet | Entered a Gauntlet
 14129 | Gauntlet | Found a transporter.
 14147 | Gauntlet | Found a transporter.
 14156 | Gauntlet | Found a transporter.
 14160 | Gauntlet | Found a large runed translucent door.
 14160 | Gauntlet | Found a large runed translucent door.
 14160 | Gauntlet | Found a large runed translucent door.
 14160 | Gauntlet | Found a large runed translucent door.
 14161 | Gauntlet | Found a runed translucent door.
 14162 | Gauntlet | Found a transporter.
 14163 | Gauntlet | Found a runed translucent door.
 14164 | Gauntlet | Found a large runed translucent door.
 14164 | Gauntlet | Found a large runed translucent door.
 14165 | Gauntlet | Found a large runed translucent door.
 14166 | Gauntlet | Found a large runed translucent door.
 14171 | Gauntlet | Found a large runed translucent door.
 14171 | Gauntlet | Found a large runed translucent door.
 14172 | Gauntlet | Found a large runed translucent door.
 14172 | Gauntlet | Found a large runed translucent door.
 14173 | Gauntlet | Found a large runed translucent door.
 14173 | Gauntlet | Found a large runed translucent door.
 14173 | Gauntlet | Found a large runed translucent door.
 14175 | Gauntlet | Found a runed translucent gate.
 14175 | Gauntlet | Found a runed translucent gate.
 14175 | Gauntlet | Found a runed translucent gate.
 14177 | Gauntlet | Found a transporter.
 14177 | Gauntlet | Noticed a fire crab
 14188 | Gauntlet | Found a large runed translucent door.
 14195 | Gauntlet | Found the +14 obsidian axe {vorpal, Drain Fly SInv}
 14196 | Gauntlet | Found a transporter.
 14196 | Gauntlet | Noticed an orange crystal statue
 14207 | Gauntlet | Noticed a ghost crab
 14208 | Gauntlet | Found a transporter.
 14220 | Gauntlet | Found a transporter.
 14223 | Gauntlet | Noticed a red ugly thing
 14228 | Gauntlet | Noticed a brown ugly thing
 14229 | Gauntlet | Found a transporter.
 14231 | Gauntlet | Noticed a great orb of eyes
 14234 | Gauntlet | Noticed a great orb of eyes
 14244 | Gauntlet | Found a transporter.
 14244 | Gauntlet | Noticed an orange crystal statue
 14252 | Gauntlet | Found a transporter.
 14252 | Gauntlet | Found a transporter.
 14299 | Gauntlet | Found a transporter.
 14307 | Gauntlet | Noticed a death scarab
 14325 | Gauntlet | Found a transporter.
 14326 | Gauntlet | Noticed a fire crab
 14327 | Gauntlet | Found a transporter.
 14329 | Gauntlet | Found a transporter.
 14332 | Gauntlet | Noticed a salamander
 14332 | Gauntlet | a fire crab changed into a salamander
 14356 | Gauntlet | Noticed a cyclops
 14356 | Gauntlet | a floating eye changed into a cyclops
 14357 | Gauntlet | Found a transporter.
 14359 | Gauntlet | Found a transporter.
 14364 | Gauntlet | a salamander changed into a spriggan
 14365 | Gauntlet | Noticed an orb spider
 14365 | Gauntlet | a spriggan changed into an orb spider
 14365 | Gauntlet | Noticed a manticore
 14365 | Gauntlet | a cyclops changed into a manticore
 14543 | Gauntlet | Noticed an alligator
 14548 | Gauntlet | Noticed a boulder beetle
 14548 | Gauntlet | an alligator changed into a boulder beetle
 14564 | Gauntlet | Killed a boulder beetle
 14565 | Gauntlet | Reached skill level 10 in Fighting
 14565 | Gauntlet | Reached skill level 10 in Dodging
 14565 | Gauntlet | Reached XP level 12. HP: 89/91 MP: 0/0
 14656 | Gauntlet | Paralysed by a floating eye for 2 turns
 14666 | Gauntlet | Reached **** piety under Makhleb
 14740 | Gauntlet | Slain by a spectral eleionoma

Vanquished Creatures
  A boulder beetle (shapeshifter) (Gauntlet)
  2 two-headed ogres
  An ugly thing (D:10)
  An eye of devastation (Gauntlet)
  2 gargoyles
  An unseen horror (D:11)
  A troll (D:10)
  A merfolk (shapeshifter) (Gauntlet)
  A hornet (D:9)
  11 yaks
  2 wraiths
  A wyvern (D:7)
  A golden eye (Gauntlet)
  Menkaure (D:7)
  2 steam dragons
  A water moccasin (D:7)
  An acid dragon (D:11)
  A water moccasin (shapeshifter) (Gauntlet)
  A floating eye (Gauntlet)
  2 ice beasts
  3 sky beasts
  5 black bears
  A necrophage (D:4)
  5 orc warriors
  2 ogres (D:6)
  4 centaurs
  A phantom (D:3)
  2 kobold brigands
  4 bullfrogs
  2 scorpions
  3 killer bees (D:7)
  2 electric eels (D:9)
  8 howler monkeys
  4 jellies
  2 centaur zombies
  4 hounds
  9 orc priests
  A centaur skeleton (D:6)
  3 gnoll shamans
  Natasha (D:4)
  Jessica (D:2)
  2 iguanas (D:4)
  13 orc wizards
  A killer bee zombie (D:5)
  3 howler monkey zombies
  7 adders
  12 gnolls
  A worm (D:4)
  3 dart slugs
  29 orcs
  4 bats
  11 endoplasms
  2 giant cockroaches
  5 goblins
  9 hobgoblins
  2 jackals (D:4)
  18 kobolds
  7 quokkas
  5 ball pythons
  3 frilled lizards
  7 rats
246 creatures vanquished.

Vanquished Creatures (others)
  14 fungi (D:8)
  25 plants (D:8)
  10 withered plants (Gauntlet)
49 creatures vanquished.

Grand Total: 295 creatures vanquished
